 Dungeon Crawl Stone Soup version 0.28-a0-48-gfd831c5874 (webtiles) character file.

Game seed: 1915350064276885847

4 Spaninq the Sneak (level 1, -3/20 HPs)
             Began as a Hill Orc Delver on July 29, 2021.
             Slain by a hound (4 damage)
             ... on level 4 of the Dungeon.
             The game lasted 00:03:48 (648 turns).

Spaninq the Sneak (Hill Orc Delver)                  Turns: 648, Time: 00:03:48

Health: -3/20      AC:  3    Str: 14    XL:     1   Next: 70%
Magic:  1/1        EV: 11    Int: 10    God:
Gold:   52         SH:  0    Dex: 12    Spells: 0/0 levels left

rFire   . . .      SeeInvis .   a - +0 hand axe
rCold   . . .      Faith    .   (no shield)
rNeg    . . .      Spirit   .   b - +0 leather armour
rPois   .          Reflect  .   (no helmet)
rElec   .          Harm     .   (no cloak)
rCorr   .          Rampage  .   (no gloves)
Will    .....                   (no boots)
Stlth   ++........              (no amulet)
HPRegen 0.06/turn               (no ring)
MPRegen 0.07/turn               (no ring)

@: no status effects
A: no striking features
a: no special abilities


You were on level 4 of the Dungeon.
You visited 1 branch of the dungeon, and saw 2 of its levels.

You collected 52 gold pieces.

Inventory:

Hand Weapons
 a - a +0 hand axe (weapon)
Armour
 b - a +0 leather armour (worn)
Wands
 g - a wand of digging (3)
Scrolls
 c - 2 scrolls of fog
 d - a scroll of magic mapping
 e - a scroll of silence {unknown}
 h - a scroll of identify {unknown}
 i - a scroll of teleportation {unknown}


   Skills:
 + Level 3.7 Fighting
 * Level 3.1 Axes
 - Level 1.5 Dodging
 - Level 4.1 Stealth


You couldn't memorise any spells.
You didn't know any spells.
Your spell library was empty.

Dungeon Overview and Level Annotations

Branches:
Dungeon (5/15)
 Temple: D:4-7

Altars:
Xom


Message History

The phantom barely misses you.
There is an open door here.
There is an open door here.
Found a scroll labelled YJIERA ER SAMU.
e - a scroll labelled YJIERA ER SAMU You open the door.
An orc and an orc wizard come into view.
The orc is wielding a +2 dagger of draining.
The orc wizard is wielding a +2 dagger of electrocution.
Found a fluorescent wand and a book of Minor Magic.
You close the door.
Found a stone staircase leading up.
There is a stone staircase leading up here.
You climb upwards.
There is a stone staircase leading down here.
A centaur comes into view.
A hound comes into view.
Found a stone staircase leading down.
The hound bites you but does no damage.
You hit the hound but do no damage. The hound barely misses you.
The hound bites you.
Your leather armour prevents you from hitting the hound.
The hound bites you. The hound bites you but does no damage.
The hound barely misses you. The hound barely misses you. The hound bites you.
Found a stone staircase leading down.
You completely miss the hound. The hound bites you.
You barely miss the hound.
The hound bites you but does no damage. x2
You hit the hound.
The hound is moderately wounded.
The hound bites you.
* * * LOW HITPOINT WARNING * * *
The hound barely misses you.
You aren't carrying any potions.
You closely miss the hound.
The hound is moderately wounded.
The hound bites you.
* * * LOW HITPOINT WARNING * * *
The hound bites you.
You die...

#..............
#..............
+..............
+..............
+.............
#...>.......#
#........#
####..##h##
##....###@#
##.##### #....#
#.># ##..##
#.#........ .##
#..########. ..
#.c ... #...
#.# #.. .> #..


You could see a hound.

Vanquished Creatures
  An orc (D:5)
  2 quokkas (D:5)
3 creatures vanquished.

Vanquished Creatures (others)
  2 centaurs (D:5)
  An orc wizard (D:5)
  An adder (D:5)
  A shadow imp (D:5)
  A quokka (D:5)
6 creatures vanquished.

Grand Total: 9 creatures vanquished

Notes
Turn   | Place    | Note
-------+----------+-------------------------------------------
     0 | D:5      | Spaninq the Hill Orc Delver began the quest for the Orb.
     0 | D:5      | Reached XP level 1. HP: 19/19 MP: 1/1
    10 | D:5      | Killed an orc wizard
    19 | D:5      | Killed a centaur
    20 | D:5      | Killed a centaur
   278 | D:5      | Noticed an ogre
   308 | D:5      | Noticed a phantom
   312 | D:5      | Found a shimmering altar of Xom.
   340 | D:5      | Noticed a hound
   450 | D:5      | Noticed a phantom
   593 | D:5      | Noticed an orc wizard
   633 | D:4      | Noticed a centaur
   636 | D:4      | Noticed a hound
   648 | D:4      | HP: 1/20 [hound (3)]
   648 | D:4      | Slain by a hound

Illustrated notes

Levels and vault maps discovered:
D:4:      layout_rooms, nicolae_wu_jian_wuxing_cycle,
          minmay_temple_entry_junction, kennysheep_cluttered_room,
          due_unseen_surprise
D:5:      layout_loops_corners, xom_confusion_cloud, nemelex_dance_club_becter,
          grunt_ministairs_4, kennysheep_flooded_box, st_stairs_6,
          uniq_blork_the_orc

Skill      XL: |  1 |
---------------+----+-----
Axes           | 3 |  3.1
Fighting       | |  3.7
Dodging        | |  1.5
Stealth        | |  4.1

Action                   || total
-------------------------++-------
Melee: Hand axe          ||    18
  Use: Scroll            ||     1
       Potion            ||     1
Armor: Leather armour    ||    10
Dodge: Dodged            ||    13

Table legend: (Time is in decaauts)
 A = Elapsed time spent in this place.
 B = Non-inter-level travel time spent in this place.
 C = Inter-level travel time spent in this place.
 D = Time resting spent in this place.
 E = Time spent auto-exploring this place.
 F = Levels seen in this place.
 G = Mean time per level.
                   A        B        C        D        E       F      G
               +--------+--------+--------+--------+--------+-----+--------+
         Total |    631 |    631 |      0 |    166 |      0 |   2 |  315.5 |
       Dungeon |    631 |    631 |      0 |    166 |      0 |   2 |  315.5 |
               +--------+--------+--------+--------+--------+-----+--------+

Top non-repeatable levels by time:
     D:5: 614 daAuts
     D:4: 16 daAuts
